 Dungeon Crawl Stone Soup version 0.17-a0-1324-ga541562 (webtiles) character file.

4324 emikaela the Cutter (level 10, -3/63 HPs)
             Began as a High Elf Wizard on June 9, 2015.
             Was a Follower of Ru.
             Slain by a queen bee (10 damage)
             ... on level 8 of the Dungeon.
             The game lasted 01:12:52 (10442 turns).

emikaela the Cutter (High Elf Wizard)              Turns: 10442, Time: 01:12:52

Health: -3/63      AC: 13    Str:  6    XL:     10   Next: 11%
Magic:  0/18       EV: 16    Int: 25    God:    Ru [*.....]
Gold:   385        SH:  0    Dex: 14    Spells: 6 memorised, 8 levels left

rFire  . . .     SeeInvis .     j - +1 short sword (vamp)
rCold  . . .     Clarity  .     a - +0 robe
rNeg   . . .     SustAt   +     (no shield)
rPois  +         Gourm    .     b - +0 hat
rElec  .         Spirit   .     q - +0 cloak
rCorr  .         Warding  .     o - +0 pair of gloves
rMut   .         Stasis   .     (no boots)
MR     +....                    (no amulet)
Stlth  +++.......               s - ring of sustain attributes
                                H - ring of poison resistance

@: repel missiles, somewhat resistant to hostile enchantments, fairly stealthy
A: icy blue scales 1, iridescent scales 1, rough black scales 1, deterioration
1, frail 1, low mp 1, inability to train armour
a: Renounce Religion


You were on level 8 of the Dungeon.
You worshipped Ru.
Ru was aware of your devotion.
You were not hungry.

You visited 2 branches of the dungeon, and saw 9 of its levels.
You also visited: Ossuary.

You collected 385 gold pieces.

Inventory:

Hand weapons
 j - a +1 vampiric short sword (weapon)
 l - a +0 dagger of speed
 y - a +0 hunting sling
 O - a +0 shortbow
Missiles
 e - 182 stones (quivered)
 h - 85 arrows
 i - 4 poisoned arrows
 n - 77 bolts
 r - 4 tomahawks
 C - 24 poisoned needles
 F - 5 steel bolts
 G - 20 sling bullets
 N - 8 exploding tomahawks
 P - 11 poisoned bolts
Armour
 a - a +0 robe (worn)
 b - a +0 hat (worn)
 o - a +0 pair of gloves (worn)
 q - a +0 cloak (worn)
Jewellery
 s - a ring of sustain attributes (right hand)
 u - an uncursed ring of protection from fire
 H - a ring of poison resistance (left hand)
Magical devices
 v - a wand of fireball (7)
 B - a wand of draining (5)
 E - a wand of confusion (38)
 Q - a wand of lightning (6)
 R - a wand of paralysis (15)
Scrolls
 d - a scroll of amnesia
 k - 2 scrolls of teleportation {unknown}
 m - 2 scrolls of magic mapping
 t - 2 scrolls of fog {unknown}
 x - 2 scrolls of blinking {unknown}
 A - 4 scrolls of enchant weapon {unknown}
 D - a scroll of remove curse
 I - a scroll of enchant armour {unknown}
 M - 3 scrolls of recharging {unknown}
 S - a scroll of immolation {unknown}
Potions
 p - 2 potions of haste {unknown}
 z - 7 potions of curing
 K - 2 potions of poison {unknown}
 L - a potion of resistance
 T - a potion of flight {unknown}
 U - a potion of heal wounds
 V - 2 potions of brilliance
Books
 c - a book of Minor Magic

   Spells                             Type                      Level
   a - Magic Dart                     Conjuration                  1
   b - Blink                          Translocation                2
   c - Call Imp                       Summoning                    2
   d - Repel Missiles                 Charms/Air                   2
   e - Slow                           Hexes                        2
   f - Conjure Flame                  Conjuration/Fire             3
   g - Mephitic Cloud                 Conjuration/Poison/Air       3
 f - a book of Enchantments

   Spells                             Type                      Level
   a - Cause Fear                     Hexes                        4
   b - Silence                        Hexes/Air                    5
   c - Deflect Missiles               Charms/Air                   6
   d - Haste                          Charms                       6
   e - Discord                        Hexes                        8
Comestibles
 g - 3 bread rations
 w - 3 chunks of flesh


   Skills:
 - Level 7.0 Fighting
 + Level 7.1 Short Blades
 - Level 7.0 Dodging
 - Level 4.0 Stealth
 - Level 6.0 Spellcasting
 - Level 7.0 Conjurations
 - Level 2.0 Summonings
 - Level 2.1 Translocations
 - Level 2.0 Fire Magic
 - Level 2.0 Air Magic
 - Level 2.0 Poison Magic


You had 8 spell levels left.
You knew the following spells:

 Your Spells              Type           Power        Failure   Level  Hunger
a - Magic Dart            Conj           ####         1%          1    None
b - Blink                 Tloc           N/A          6%          2    None
c - Call Imp              Summ           ###.....     6%          2    None
d - Conjure Flame         Conj/Fire      ####....     3%          3    None
e - Mephitic Cloud        Conj/Pois/Air  ####....     6%          3    None
r - Repel Missiles        Chrm/Air       ##....       10%         2    None


Dungeon Overview and Level Annotations

Branches:
Dungeon (8/15)             Temple (1/1) D:7
   Lair: D:8-11

Altars:
Ashenzari
Cheibriados
Dithmenos
Elyvilon
Fedhas
Gozag
Kikubaaqudgha
Makhleb
Nemelex Xobeh
Okawaru
Qazlal
Ru
Sif Muna
Trog
Vehumet
Xom
Yredelemnul
Zin
The Shining One


Innate Abilities, Weirdness & Mutations

You cannot train Armour skill.
You are partially covered in icy blue scales (AC +1).
You are partially covered in iridescent scales (AC +4).
You are partially covered in rough black scales (AC +4, Dex -1).
Your body sometimes deteriorates upon taking damage.
You are frail (-10% HP).
Your magical capacity is low (-10% MP).


Message History

You barely miss the queen bee.
The queen bee is severely wounded.
The queen bee stings you.
* * * LOW HITPOINT WARNING * * *
You hit the queen bee.
The queen bee is almost dead.
The queen bee stings you.
* * * LOW HITPOINT WARNING * * *
You hit the queen bee but do no damage.
The queen bee is almost dead.
The queen bee stings you but does no damage.
Casting: Magic Dart
Confirm with . or Enter, or press ? or * to list all spells.
Aiming: Magic Dart
Press: ? - help, Shift-Dir - straight line, f/p - queen bee
Aim: a queen bee (almost dead)
The magic dart hits the queen bee.
The queen bee is almost dead.
The queen bee stings you!
You die...

#.#.#÷.........####
#.#.#.....>........
#.#.#..........####
#.#.#.÷....§.......
#.#.#.#.#†##?..y.##
#.###.###.##...#.#
### #.. #..#...#
... ##y##.## .♣ +@#
.# .. ### .. ## .#


You could see a queen bee.

Vanquished Creatures
  Pikel (D:7)
  Prince Ribbit (D:7)
  Sigmund (D:3)
  3 yaks
  2 sky beasts
  An ogre (D:7)
  An ice beast (D:6)
  2 slaves (D:7)
  A centaur (D:5)
  5 elf zombies
  2 elf skeletons (D:4)
  A water moccasin zombie (D:6)
  2 jellies (D:5)
  16 killer bees
  2 scorpions
  2 giant frog zombies (D:7)
  2 hounds
  3 centaur zombies (Ossuary)
  6 human zombies (Ossuary)
  6 orc priests
  2 iguanas
  2 centaur skeletons
  A giant frog skeleton (D:4)
  A human skeleton (D:4)
  5 orc wizards
  5 worker ants
  A killer bee zombie (D:8)
  4 hound skeletons
  3 mummies (Ossuary)
  A worker ant zombie (D:5)
  4 adders
  6 gnolls
  A shadow imp (D:5)
  An ooze (D:5)
  6 worms
  7 giant geckos
  24 orcs
  4 bat skeletons
  10 goblins
  9 hobgoblins
  7 jackals
  7 quokkas
  10 bats
  9 giant cockroaches
  5 giant newts
  13 kobolds
  An orc skeleton (D:4)
  A quokka zombie (D:6)
  11 rats
221 creatures vanquished.

Vanquished Creatures (collateral kills)
  A gnoll (D:3)
1 creature vanquished.

Grand Total: 222 creatures vanquished

Notes
Turn   | Place    | Note
--------------------------------------------------------------
     0 | D:1      | emikaela the High Elf Wizard began the quest for the Orb.
     0 | D:1      | Reached XP level 1. HP: 11/11 MP: 6/6
   677 | D:1      | Reached XP level 2. HP: 17/17 MP: 4/7
   681 | D:1      | Learned a level 2 spell: Blink
   684 | D:1      | Learned a level 2 spell: Call Imp
   687 | D:1      | Learned a level 2 spell: Repel Missiles
   993 | D:2      | Reached skill level 4 in Spellcasting
   993 | D:2      | Reached skill level 1 in Summonings
  1260 | D:2      | Reached XP level 3. HP: 21/21 MP: 5/9
  1265 | D:2      | Learned a level 3 spell: Conjure Flame
  1751 | D:2      | Reached skill level 1 in Fire Magic
  1751 | D:2      | Reached XP level 4. HP: 27/27 MP: 7/11
  2759 | D:3      | Reached skill level 5 in Spellcasting
  2876 | D:3      | Noticed Sigmund
  2933 | D:3      | Killed Sigmund
  2933 | D:3      | Reached XP level 5. HP: 5/31 MP: 0/14
  2933 | D:3      | Reached XP level 6. HP: 5/36 MP: 0/15
  2964 | D:3      | Learned a level 3 spell: Mephitic Cloud
  3375 | D:4      | Reached skill level 6 in Spellcasting
  3547 | D:4      | Reached skill level 1 in Air Magic
  3548 | D:4      | Reached skill level 5 in Conjurations
  3686 | D:4      | Reached skill level 1 in Poison Magic
  3690 | D:4      | Gained mutation: You are partially covered in iridescent scales (AC +4). [mutagenic meat]
  3691 | D:4      | Gained mutation: Your body sometimes deteriorates upon taking damage. [mutagenic meat]
  3692 | D:4      | Gained mutation: You are partially covered in icy blue scales (AC +1). [mutagenic meat]
  3693 | D:4      | Gained mutation: You possess an exceptional clarity of mind. [mutagenic meat]
  3873 | D:4      | Reached XP level 7. HP: 27/41 MP: 12/17
  3886 | D:4      | Found a sand-covered staircase.
  3892 | Ossuary  | Entered an ossuary
  4093 | Ossuary  | Reached skill level 1 in Fighting
  4594 | Ossuary  | Reached XP level 8. HP: 52/52 MP: 13/18
  4752 | D:4      | Reached skill level 7 in Conjurations
  5330 | D:5      | Entered Level 5 of the Dungeon
  6016 | D:5      | Found a shimmering altar of Xom.
  6225 | D:5      | Reached skill level 5 in Fighting
  6521 | D:6      | Reached skill level 5 in Dodging
  6703 | D:6      | Reached XP level 9. HP: 50/61 MP: 14/19
  6713 | D:6      | Gained mutation: You are frail (-10% HP). [mutagenic meat]
  6714 | D:6      | Lost mutation: You possess an exceptional clarity of mind. [mutagenic meat]
  6715 | D:6      | Gained mutation: You are partially covered in rough black scales (AC +4, Dex -1). [mutagenic meat]
  6717 | D:6      | Gained mutation: Scrolls take you a little longer to read. [potion of mutation]
  6717 | D:6      | Lost mutation: Scrolls take you a little longer to read. [potion of mutation]
  6717 | D:6      | Gained mutation: Your magical capacity is low (-10% MP). [potion of mutation]
  7680 | D:7      | Noticed Prince Ribbit
  7701 | D:7      | Killed Prince Ribbit
  7897 | D:6      | Reached skill level 1 in Short Blades
  8182 | D:7      | Found a shimmering altar of Xom.
  8291 | D:7      | Found a staircase to the Ecumenical Temple.
  8313 | Temple   | Entered the Ecumenical Temple
  8446 | Temple   | Became a worshipper of Ru the Awakened
  8764 | D:7      | Noticed Pikel
  8846 | D:7      | Killed Pikel
  8846 | D:7      | Reached skill level 5 in Short Blades
 10178 | D:8      | Gained mutation: You cannot train Armour skill. [Ru sacrifice]
 10178 | D:8      | Acquired Ru's first power
 10310 | D:8      | Reached XP level 10. HP: 57/63 MP: 11/18
 10442 | D:8      | Slain by a queen bee

Vault maps used:
D:1:      nicolae_arrival_somewhat_less_tricky_arrival
D:3:      dk_noncrumbling_4, uniq_sigmund
D:4:      first_bread, nicolae_ossuary_entry_catacombs
D:5:      basic_altar
D:7:      old_standard_altar, temple_pool_a, kennysheep_generic_room_14,
          uniq_prince_ribbit1, uniq_pikel
D:8:      minmay_separated_statues, david_nohive_1, grunt_ministairs_15
Temple:   grunt_circular_temple_18
Ossuary:  ossuary_minmay_four_chambers

Action                   |  1- 3 |  4- 6 |  7- 9 | 10-12 || total
-------------------------+-------+-------+-------+-------++-------
Melee: Hand axe          |     6 |       |       |       ||     6
       Unarmed           |     1 |       |       |       ||     1
       Short sword       |       |    76 |    79 |    82 ||   237
       Dagger            |       |     8 |   111 |       ||   119
       Spear             |       |       |    93 |       ||    93
 Cast: Magic Dart        |    66 |   128 |   375 |    47 ||   616
       Repel Missiles    |     1 |     2 |     1 |       ||     4
       Conjure Flame     |     3 |     4 |    27 |       ||    34
       Call Imp          |       |     2 |     4 |       ||     6
       Mephitic Cloud    |       |     3 |    15 |       ||    18
Invok: Sacrifice Durabil |       |       |     1 |       ||     1
  Use: Scroll            |     4 |     2 |     6 |       ||    12
       Potion            |       |     4 |     1 |     1 ||     6
 Stab: Sleeping          |     1 |     1 |     9 |       ||    11
       Confused          |       |     1 |     7 |       ||     8
  Eat: Chunk             |     3 |    10 |    13 |       ||    26
       Bread ration      |       |     1 |       |       ||     1
       Meat ration       |       |       |     3 |       ||     3
       Royal jelly       |       |       |     1 |       ||     1
       Pizza             |       |       |     1 |       ||     1
       Beef jerky        |       |       |     1 |       ||     1
